 Dungeon Crawl Stone Soup version 0.31-a0-702-gf82c85558f (webtiles) character file.

Game seed: 17527112881159566797

1600 qw the Skirmisher (level 8, -9/51 HPs)
             Began as a Gargoyle Hunter on Sept 8, 2023.
             Was a Follower of Okawaru.
             Mangled by a manticore (17 damage)
             ... on level 7 of the Dungeon.
             The game lasted 00:02:22 (5285 turns).

qw the Skirmisher (Gargoyle Hunter)                 Turns: 5285, Time: 00:02:22

Health: -9/51      AC: 17    Str: 21    XL:     8   Next: 94%
Magic:  8/10       EV: 15    Int: 10    God:    Okawaru [*.....]
Gold:   292        SH:  0    Dex: 18    Spells: 7/7 levels left

rFire   . . .        e - +2 shortbow (heavy)
rCold   + . .        (shield currently unavailable)
rNeg    + . .        g - +0 ring mail
rPois   inf          h - +0 helmet
rElec   +            (no cloak)
rCorr   .            b - +0 pair of gloves of Classification {rElec Dex+3 Stlth-}
SInv    .            f - +1 pair of boots
Will    .....        (no amulet)
Stlth   ++           l - +6 ring of strength
HPRegen 0.28/turn    i - ring of protection from cold
MPRegen 0.12/turn

%: no passive effects
@: heroic
A: sickness immunity, AC +5, negative energy resistance 1, electricity
resistance, torment resistance 1, petrification resistance, iridescent scales 1,
deformed body
a: Renounce Religion, Heroism


You were on level 7 of the Dungeon.
You worshipped Okawaru.
Okawaru was aware of your devotion.
You visited 2 branches of the dungeon, and saw 8 of its levels.
You also visited: Sewer and Ossuary.

You collected 292 gold pieces.


Innate Abilities, Weirdness & Mutations

You are immune to sickness and miasma.
Your stone body is resilient. (AC +5)
You are immune to poison.
You resist negative energy. (rN+)
You are resistant to electric shocks. (rElec)
You are resistant to unholy torment.
You are immune to petrification.
You are partially covered in iridescent scales. (AC +2)
Armour fits poorly on your strangely shaped body.


   Skills:
 - Level 6.0(11.0) Fighting
 + Level 9.2(14.2) Ranged Weapons
 - Level 3.1(8.1) Armour
 - Level 2.0(7.0) Dodging
 - Level 1.1(6.1) Stealth
 + Level 3.8 Invocations


You had 7 spell levels left.
You didn't know any spells.
Your spell library was empty.

Inventory:

Hand Weapons
 e - a +2 heavy shortbow (weapon)
Armour
 b - the +0 pair of gloves of Classification (worn) {rElec Dex+3 Stlth-}
   (You acquired it on level 3 of the Dungeon)

   Dex+3:     It affects your dexterity (+3).
   rElec:     It insulates you from electricity.
   Stlth-:    It makes you less stealthy.
 f - a +1 pair of boots (worn)
 g - a +0 ring mail (worn)
 h - a +0 helmet (worn)
Jewellery
 i - a ring of protection from cold (right hand)
 l - a +6 ring of strength (left hand)
Scrolls
 a - 3 scrolls of identify
Potions
 c - 7 potions of curing
 d - a potion of attraction {unknown}
 j - 2 potions of enlightenment
 k - 3 potions of haste
 n - 4 potions of mutation
 o - a potion of resistance
 p - 2 potions of might

Dungeon Overview and Level Annotations

Branches:
Dungeon (7/15)             Temple (1/1) D:4           Sewer (visited)
Ossuary (visited)

Altars:
Ashenzari
Cheibriados
Dithmenos
Fedhas
Hepliaklqana
Kikubaaqudgha
Makhleb
Okawaru
Qazlal
Ru
Sif Muna
Trog
Uskayaw
Vehumet
Wu Jian
Xom
Yredelemnul
The Shining One

Annotations:
D:5 3 runed translucent doors, qw's ghost, novice GrHu


Message History

You shoot an arrow. Something hits you but does no damage. Something hits you!
The brown ugly thing tail-slaps you but does no damage.
5276 |||
Found retreat position at 3,2 (floor) with 0 blocking monsters and 1 monsters attacking at destination at distance 3
5276 ||| Stepping ~*~*~tactically~*~*~ (retreating).
Something hits you.
The brown ugly thing tail-slaps you but does no damage.
The brown ugly thing punches you but does no damage.
5277 |||
Found retreat position at 2,1 (floor) with 0 blocking monsters and 1 monsters attacking at destination at distance 2
5277 ||| Stepping ~*~*~tactically~*~*~ (retreating).
Something hits you but does no damage. x2
5278 |||
Found retreat position at 1,0 (floor) with 0 blocking monsters and 1 monsters attacking at destination at distance 1 You shoot an arrow.
Something hits you. Something hits you but does no damage. Something hits you.
5279 |||
Found retreat position at 1,0 (floor) with 0 blocking monsters and 1 monsters attacking at destination at distance 1
5279 ||| Stepping ~*~*~tactically~*~*~ (retreating).
The brown ugly thing attacks as it pursues you!
The brown ugly thing tail-slaps you.
You are splashed with acid!
The brown ugly thing tail-slaps you but does no damage.
5280 ||| READING scroll of teleportation.
As you read the scroll of teleportation, it crumbles to dust.
You feel strangely unstable.
The brown ugly thing completely misses you.
5281 ||| DRINKING potion of heal wounds.
You feel much better. The brown ugly thing tail-slaps you!
You are splashed with acid!
5282 ||| INVOKING Heroism.
You gain the combat prowess of a mighty hero.
The brown ugly thing basks in the mutagenic energy from its kin and changes!
You shoot an arrow.
The arrow closely misses the cyan ugly thing.
Your surroundings suddenly seem different.
A manticore comes into view.
Autopickup is now on.
You shoot an arrow. The arrow closely misses the manticore.
The manticore completely misses you. x2; The manticore claws you!
You shoot an arrow. The arrow hits the manticore!!
The manticore is moderately wounded.
The manticore bites you!
You die...

# ##.
##..
##..#
##...#
#....#
#...#
#H@#
##.....#
###.###
#.. ##.
.# . #.#


HFu You could see a manticore.

Vanquished Creatures
  Sigmund (D:5)
  An ice beast (D:6)
  3 ogres
  A kobold brigand (D:6)
  2 scorpions
  3 wights (D:6)
  2 jellies (D:5)
  2 orc priests (D:5)
  A gnoll bouda (D:6)
  2 hounds
  2 iguanas (D:5)
  2 sleepcaps (D:6)
  12 mummies (Ossuary)
  6 adders
  8 gnolls
  2 river rats (Sewer)
  An ufetubus (D:5)
  2 worms
  A dart slug (D:1)
  4 orcs
  8 ball pythons
  9 bats
  7 endoplasms
  A giant cockroach (D:3)
  A gnoll zombie (D:4)
  7 goblins
  6 hobgoblins
  3 jackals (D:2)
  3 quokkas
  6 frilled lizards
  3 gnoll skeletons (Ossuary)
  A goblin skeleton (Ossuary)
  27 kobolds
  2 kobold skeletons (Ossuary)
  2 orc skeletons (Ossuary)
  21 rats
  11 rat skeletons (Ossuary)
176 creatures vanquished.

Notes
Turn   | Place    | Note
-------+----------+-------------------------------------------
     0 | D:1      | qw the Gargoyle Hunter began the quest for the Orb.
     0 | D:1      | Reached XP level 1. HP: 12/12 MP: 1/1
     0 | D:1      | 0 ||| qw: Version: 0.3-a-76-g4403597
     0 | D:1      | 0 ||| qw: Game counter: 1113
     0 | D:1      | 0 ||| qw: Melee chars always use a shield: true
     0 | D:1      | 0 ||| qw: God list: Okawaru
     0 | D:1      | 0 ||| qw: Allow faded altars: false
     0 | D:1      | 0 ||| qw: Do Orc after clearing Dungeon:15 true
     0 | D:1      | 0 ||| qw: Do second Lair branch before Depths: true
     0 | D:1      | 0 ||| qw: Lair rune preference: random
     0 | D:1      | 0 ||| qw: Goals: Normal
     0 | D:1      | 0 ||| PLANNING D:1-11
    29 | D:1      | Reached XP level 2. HP: 17/17 MP: 2/2
   294 | D:1      | Reached XP level 3. HP: 21/21 MP: 3/3
   406 | D:1      | Reached skill level 5 in Ranged Weapons
   476 | D:1      | 476 ||| DROPPING scarf of invisibility.
   477 | D:1      | 477 ||| READING scroll labelled OKOECRUKOU.
   478 | D:1      | 478 ||| READING scroll labelled ORONOI LUUPRO.
   479 | D:1      | 479 ||| READING scroll labelled HIRACHYEPNY.
   480 | D:1      | 480 ||| DRINKING 2 ruby potions.
   481 | D:1      | 481 ||| DROPPING scroll of butterflies.
   712 | D:2      | Identified the +8 mace of Fuinuk {freeze, *Noise rC+ Int+9
                  | SInv}
  1026 | D:2      | Reached skill level 3 in Fighting
  1026 | D:2      | Reached XP level 4. HP: 15/28 MP: 4/4
  1241 | D:2      | 1241 ||| UPGRADING to +0 ring mail.
  1251 | D:2      | 1251 ||| DROPPING +0 leather armour.
  1252 | D:2      | 1252 ||| READING scroll labelled UGIR AJIGOUNI.
  1255 | D:2      | 1255 ||| READING scroll labelled MOSASTI ATE.
  1256 | D:2      | 1256 ||| READING 3 scrolls labelled TAJ XOJISOTIAH.
  1257 | D:2      | 1257 ||| READING 2 scrolls of enchant weapon.
  1257 | D:2      | 1257 ||| ENCHANTING +0 heavy shortbow.
  1258 | D:2      | 1258 ||| READING scroll of enchant weapon.
  1258 | D:2      | 1258 ||| ENCHANTING +1 heavy shortbow.
  1259 | D:2      | 1259 ||| READING scroll labelled DIERGH NOSTRA.
  1264 | D:3      | 1264 ||| PLANNING SEWER
  1626 | D:3      | Reached skill level 1 in Armour
  1651 | D:3      | Found a glowing drain.
  1653 | D:3      | 1653 ||| UPGRADING to +6 ring of strength.
  1654 | D:3      | 1654 ||| READING scroll labelled MUSAOC SAPHI.
  1655 | D:3      | 1655 ||| READING scroll labelled MOAXKO IRILI.
  1655 | D:3      | Identified a scroll of acquirement
  1655 | D:3      | 1655 ||| ACQUIRING +0 pair of gloves of Classification
                  | {rElec Dex+3 Stlth-}
  1655 | D:3      | Acquired the +0 pair of gloves of Classification {rElec
                  | Dex+3 Stlth-}
  1657 | D:3      | 1657 ||| UPGRADING to +0 pair of gloves of Classification
                  | {rElec Dex+3 Stlth-}.
  1662 | D:3      | 1662 ||| DRINKING 3 purple potions.
  1670 | Sewer    | Entered a sewer
  1812 | Sewer    | 1812 ||| Stepping ~*~*~tactically~*~*~ (water).
  1819 | Sewer    | 1819 ||| Stepping ~*~*~tactically~*~*~ (water).
  1833 | Sewer    | Reached XP level 5. HP: 32/32 MP: 5/5
  2136 | Sewer    | 2136 ||| READING scroll labelled LINOPT NINAQU.
  2137 | Sewer    | 2137 ||| DRINKING 2 coppery potions.
  2138 | Sewer    | 2138 ||| DRINKING 3 dark potions.
  2139 | Sewer    | 2139 ||| DRINKING 4 fuming white potions.
  2139 | Sewer    | Gained mutation: Armour fits poorly on your strangely
                  | shaped body. [potion of mutation]
  2139 | Sewer    | Gained mutation: You are partially covered in iridescent
                  | scales. (AC +2) [potion of mutation]
  2140 | Sewer    | 2140 ||| DROPPING potion of magic.
  2175 | D:3      | 2175 ||| PLANNING D:1-11
  2349 | D:3      | 2349 ||| DRINKING 3 lumpy cyan potions.
  2453 | D:3      | 2453 ||| DROPPING 2 potions of berserk rage.
  2470 | D:4      | 2470 ||| PLANNING OSSUARY
  2485 | D:4      | Noticed an ogre
  2490 | D:4      | Killed an ogre
  2491 | D:4      | Reached skill level 6 in Ranged Weapons
  2491 | D:4      | Reached XP level 6. HP: 37/37 MP: 6/6
  2675 | D:4      | Found a shimmering altar of Xom.
  2675 | D:4      | Found a radiant altar of Vehumet.
  2701 | D:4      | Found a bloodstained altar of Trog.
  2747 | D:4      | Found a staircase to the Ecumenical Temple.
  2827 | D:4      | Found a sand-covered staircase.
  2832 | D:4      | 2832 ||| UPGRADING to +0 pair of boots.
  2837 | D:4      | 2837 ||| DROPPING +1 pair of gloves.
  2838 | D:4      | 2838 ||| READING scroll labelled JOUJ HIAPNU.
  2839 | D:4      | 2839 ||| READING scroll labelled KYSOTHR FEUD.
  2840 | D:4      | 2840 ||| READING scroll labelled LUAFIH GUIWO.
  2841 | D:4      | 2841 ||| READING 2 scrolls of identify.
  2841 | D:4      | 2841 ||| IDENTIFYING glowing red potion
  2842 | D:4      | 2842 ||| DROPPING potion of brilliance.
  2850 | Ossuary  | Entered an ossuary
  2920 | Ossuary  | Reached skill level 7 in Ranged Weapons
  2989 | Ossuary  | 2989 ||| READING scroll of enchant armour.
  2989 | Ossuary  | 2989 ||| ENCHANTING +0 pair of boots.
  3008 | Ossuary  | Reached XP level 7. HP: 43/43 MP: 7/7
  3223 | Ossuary  | 3223 ||| READING scroll labelled VOLUBO GAME.
  3324 | Ossuary  | 3324 ||| READING scroll labelled CYZYPN GIEROM.
  3325 | Ossuary  | 3325 ||| DRINKING 2 amethyst potions.
  3326 | Ossuary  | 3326 ||| DRINKING 3 bubbling coppery potions.
  3327 | Ossuary  | 3327 ||| DRINKING 2 clear potions.
  3328 | Ossuary  | 3328 ||| DRINKING 2 lumpy dark potions.
  3329 | Ossuary  | 3329 ||| READING 4 scrolls of identify.
  3329 | Ossuary  | 3329 ||| IDENTIFYING sedimented amethyst potion
  3330 | Ossuary  | 3330 ||| DROPPING potion of degeneration.
  3331 | Ossuary  | 3331 ||| DROPPING potion of ambrosia.
  3368 | D:4      | 3368 ||| PLANNING TEMPLE
  3383 | Temple   | Entered the Ecumenical Temple
  3384 | Temple   | 3384 ||| PLANNING OKAWARU WORSHIP
  3410 | Temple   | Became a worshipper of Warmaster Okawaru
  3411 | Temple   | 3411 ||| PLANNING D:1-11
  3542 | D:5      | Entered Level 5 of the Dungeon
  3542 | D:5      | Noticed Sigmund
  3544 | D:5      | 3544 ||| STAIRDANCE
  3546 | D:5      | 3546 ||| STAIRDANCE
  3548 | D:4      | 3548 ||| DRINKING 6 potions of curing.
  3548 | D:4      | 3548 ||| (to cure confusion)
  3553 | D:5      | 3553 ||| STAIRDANCE
  3585 | D:5      | Killed Sigmund
  3586 | D:5      | Found a runed translucent gate.
  3586 | D:5      | Found a runed translucent gate.
  3586 | D:5      | Found a runed translucent gate.
  3590 | D:5      | Noticed qw's ghost (novice GrHu)
  3660 | D:5      | Reached skill level 8 in Ranged Weapons
  3955 | D:5      | 3955 ||| Stepping ~*~*~tactically~*~*~ (outnumbered).
  3962 | D:5      | HP: 9/44 [orc priest/divine providence (12)]
  3963 | D:5      | 3963 ||| DRINKING 3 potions of heal wounds.
  3965 | D:5      | 3965 ||| Stepping ~*~*~tactically~*~*~ (retreating).
  3966 | D:5      | 3966 ||| Stepping ~*~*~tactically~*~*~ (retreating).
  3967 | D:5      | 3967 ||| Stepping ~*~*~tactically~*~*~ (retreating).
  3967 | D:5      | HP: 9/44 [orc priest/divine providence (11)]
  3968 | D:5      | 3968 ||| DRINKING 2 potions of heal wounds.
  3970 | D:5      | HP: 4/44 [orc priest/divine providence (11)]
  3971 | D:5      | 3971 ||| DRINKING potion of heal wounds.
  3978 | D:5      | Reached XP level 8. HP: 39/49 MP: 8/8
  4029 | D:5      | Reached * piety under Okawaru
  4365 | D:5      | 4365 ||| INVOKING Heroism.
  4388 | D:5      | 4388 ||| UPGRADING to +0 helmet.
  4393 | D:5      | 4393 ||| DROPPING ring of magical power.
  4394 | D:5      | 4394 ||| UPGRADING to ring of protection from cold.
  4441 | D:6      | 4441 ||| STAIRDANCE
  4527 | D:6      | Reached skill level 9 in Ranged Weapons
  4589 | D:6      | Reached skill level 1 in Invocations
  4610 | D:6      | Reached skill level 3 in Armour
  4706 | D:6      | 4706 ||| INVOKING Heroism.
  4739 | D:6      | 4739 ||| INVOKING Heroism.
  4744 | D:6      | 4744 ||| RETREATING.
  4746 | D:6      | 4746 ||| Stepping ~*~*~tactically~*~*~ (outnumbered).
  4754 | D:6      | 4754 ||| FLEEEEING.
  4756 | D:6      | Reached skill level 3 in Invocations
  4833 | D:6      | 4833 ||| Stepping ~*~*~tactically~*~*~ (outnumbered).
  4845 | D:6      | Reached skill level 6 in Fighting
  5188 | D:6      | 5188 ||| DROPPING ring of wizardry.
  5264 | D:7      | Noticed a brown ugly thing
  5265 | D:7      | Noticed a white ugly thing
  5266 | D:7      | 5266 ||| RETREATING.
  5266 | D:7      | Noticed a manticore
  5271 | D:7      | 5271 ||| Stepping ~*~*~tactically~*~*~ (retreating).
  5272 | D:7      | 5272 ||| FLEEEEING.
  5273 | D:7      | 5273 ||| RETREATING.
  5275 | D:7      | 5275 ||| Stepping ~*~*~tactically~*~*~ (retreating).
  5276 | D:7      | 5276 ||| Stepping ~*~*~tactically~*~*~ (retreating).
  5277 | D:7      | 5277 ||| Stepping ~*~*~tactically~*~*~ (retreating).
  5279 | D:7      | 5279 ||| Stepping ~*~*~tactically~*~*~ (retreating).
  5279 | D:7      | HP: 12/51 [brown ugly thing (3)]
  5279 | D:7      | HP: 1/51 [acid (11)]
  5280 | D:7      | 5280 ||| READING scroll of teleportation.
  5281 | D:7      | 5281 ||| DRINKING potion of heal wounds.
  5282 | D:7      | 5282 ||| INVOKING Heroism.
  5283 | D:7      | Noticed a manticore
  5284 | D:7      | HP: 7/51 [manticore (7)]
  5285 | D:7      | Mangled by a manticore

Levels and vault maps discovered:
D:1:      dpeg_arrival_short_road, layout_rooms
D:2:      layout_loops_ring
D:3:      layout_rooms, serial_rivers, chequers_serial_rivers_large_b,
          chequers_serial_rivers_micro_a, chequers_serial_rivers_small_b,
          chequers_serial_rivers_room_b, chequers_serial_rivers_marsh,
          chequers_serial_rivers_micro_a, portal_sewer_entry_f,
          nicolae_twisty_statue_hallways
D:4:      layout_basic, chequers_temple_overflow_statue_of_worship,
          minmay_temple_entry_steel_oval, enter_ossuary_3
D:5:      layout_loops_cross, gammafunk_ghost_split, kennysheep_generic_room_13,
          uniq_sigmund
D:6:      layout_basic, nrook_campfire, minmay_misc_feat_more_columns
D:7:      minmay_the_grid_octo_2x2 [minmay_the_grid_octo_77,
          minmay_the_grid_octo_toaster, minmay_the_grid_octo_teeth,
          minmay_the_grid_octo_prize_big_c], layout_loops_ring, uniq_duvessa
Temple:   bh_familiar_temple

Skill      XL: |  1  2  3  4  5  6  7  8 |
---------------+-------------------------+-----
Ranged Weapons | 5 6 7 8 9 |  9.2
Fighting       | 3 4 5 6 |  6.0
Armour         | 1 2 3 |  3.1
Dodging        | 2 |  2.0
Invocations    | 3 |  3.8
Stealth        | |  1.1

Action                     |  1- 3 |  4- 6 |  7- 9 || total
---------------------------+-------+-------+-------++-------
   Fire: Shortbow          |   116 |   203 |   169 ||   488
 Invoke: Heroism           |       |       |     4 ||     4
    Use: Scroll            |     3 |    14 |     4 ||    21
         Potion            |     1 |     5 |     9 ||    15
 Armour: Leather armour    |    32 |       |       ||    32
         Ring mail         |       |    71 |   120 ||   191
  Dodge: Dodged            |    33 |    86 |    80 ||   199

Table legend:
 A = Non-vault XP
 B = Vault XP
 C = Vault XP percentage of total XP
 D = Non-vault monster count
 E = Vault monster count
 F = Vault count percentage of total count
                 A         B        C        D         E       F
            +---------+---------+-------+---------+---------+-------
      Total |    1731 |     556 |  24.3 |      97 |      79 |  44.9
            +---------+---------+-------+---------+---------+-------
        D:1 |      45 |       0 |   0.0 |      26 |       0 |   0.0
        D:2 |      56 |       0 |   0.0 |       9 |       0 |   0.0
        D:3 |      19 |       6 |  24.0 |      12 |       3 |  20.0
        D:4 |     256 |       2 |   0.8 |      11 |       1 |   8.3
        D:5 |     484 |     223 |  31.5 |      16 |       1 |   5.9
        D:6 |     868 |       0 |   0.0 |      22 |       0 |   0.0
        D:7 |       3 |       0 |   0.0 |       1 |       0 |   0.0
      Sewer |       0 |      89 | 100.0 |       0 |      43 | 100.0
    Ossuary |       0 |     236 | 100.0 |       0 |      31 | 100.0
            +---------+---------+-------+---------+---------+-------
